 Dungeon Crawl Stone Soup version 0.28.0 (webtiles) character file.

Game seed: 15969001241421702688

39 arthad the Skirmisher (level 3, -3/24 HPs)
             Began as a Gargoyle Fighter on Feb 13, 2022.
             Was a Follower of Vehumet.
             Slain by Natasha (8 damage)
             ... on level 2 of the Dungeon.
             The game lasted 00:01:51 (996 turns).

arthad the Skirmisher (Gargoyle Fighter)             Turns: 996, Time: 00:01:52

Health: -3/24      AC:  0    Str: 18 (19) XL:     3   Next: 45%
Magic:  4/4        EV: 13    Int:  9 (10) God:    Vehumet [*.....]
Gold:   35         SH:  0    Dex:  6 (9)  Spells: 3/3 levels left

rFire   . . .      SeeInvis .   (weapon currently unavailable)
rCold   . . .      Faith    .   (shield currently unavailable)
rNeg    + . .      Spirit   .   (armour currently unavailable)
rPois   ∞          Reflect  .   (helmet currently unavailable)
rElec   .          Harm     .   (cloak currently unavailable)
rCorr   .          Rampage  .   (gloves currently unavailable)
Will    .....                   (boots currently unavailable)
Stlth   +.........              (no amulet)
HPRegen 0.08/turn               (ring currently unavailable)
MPRegen 0.09/turn               (ring currently unavailable)

@: pig-form, very quick
A: fast, no casting, sickness immunity, AC +3, small, negative energy resistance
1, (electricity resistance), torment resistance 1, petrification resistance
a: Renounce Religion


You were on level 2 of the Dungeon.
You worshipped Vehumet.
Vehumet was aware of your devotion.
You were a filthy swine.
You visited 1 branch of the dungeon, and saw 2 of its levels.

You collected 35 gold pieces.

Inventory:

Hand Weapons
 a - a +0 war axe (melded)
Armour
 b - a +0 scale mail (melded)
 c - a +0 buckler (melded)
Scrolls
 f - 2 scrolls of teleportation {unknown}
 g - 3 scrolls of identify {unknown}
 h - a scroll of noise {unknown}
 i - a scroll of enchant armour {unknown}
 j - a scroll of enchant weapon {unknown}
 k - a scroll of fear {unknown}
Potions
 d - a potion of might


   Skills:
 * Level 3.7 Fighting
 * Level 2.3 Axes
 + Level 3.4 Armour
 + Level 0.4 Dodging
 + Level 3.4 Shields
 + Level 0.6 Spellcasting


You had 3 spell levels left.
You didn't know any spells.
Your spell library contained the following spells:

 Spells                   Type           Power      Damage    Failure   Level
 Freeze                   Ice            0%         1d3       36%         1
 Dazzling Flash           Conj/Hex       0%         N/A       75%         3
 Agony                    Necr           0%         N/A       100%        5
 Silence                  Hex/Air        0%         N/A       100%        5


Dungeon Overview and Level Annotations

Branches:
Dungeon (2/15)

Altars:
Hepliaklqana
Vehumet

Annotations:
D:2 Natasha


Innate Abilities, Weirdness & Mutations

You are a filthy swine.
You move quickly.
Your equipment is almost entirely melded.
You are incapable of wielding weapons or throwing items.
You cannot cast spells.
You are immune to sickness and miasma.
((Your stone body is resilient. (AC +3)))
You are immune to poison.
You resist negative energy. (rN+)
((You are resistant to electric shocks. (rElec)))
You are resistant to unholy torment.
You are immune to petrification.


Message History

No target in view!
No target in view!
No target in view!
No target in view!
No target in view!
No target in view!
No target in view!
No target in view!
No target in view!
No target in view!
No target in view!
Found a stone staircase leading up.
Natasha, Servant of Life and Death comes into view.
She is carrying a wand of polymorph (6).
Natasha hisses angrily.
Natasha drinks a potion.
Natasha seems to speed up.
Natasha is nearby!
Natasha growls.
Natasha claws you!
You hit Natasha.
Natasha is lightly wounded.
Natasha stares at you and mumbles some strange words.
The magic dart hits you but does no damage.
Natasha claws you.
You closely miss Natasha.
Natasha is lightly wounded.
Natasha casts a spell at you.
The magic dart hits you but does no damage.
Natasha zaps a wand.
You turn into a filthy swine.
Your +0 war axe melds into your body.
Your +0 buckler melds into your body.
Your +0 scale mail melds into your body.
You hit Natasha but do no damage.
Natasha is lightly wounded.
Natasha completely misses you. Natasha claws you!
* * * LOW HITPOINT WARNING * * *
You are too injured to fight recklessly!
It was a potion of degeneration.
There was something very wrong with that liquid.
You feel weakened.
You feel dopey.
You feel clumsy. Natasha claws you!
You die...

.#####.##....#
########..#
.#...#.#...###
##.##
...#.#.......#
#..#
.###.....###.#
##.##
....######
#.#######
##..# .......#
#....#.. #....
#...##..
####.#.#
##.#.. #...#
#.#.# ##...#.
##### #.hh#
#......
#......#
#.....#
#.###..#
#...(.# #.# ##
#.....# #..
...(...# ###
##.....#
#.....#


You could see Natasha (fast).

Vanquished Creatures
  An adder (D:2)
  A worm (D:2)
  A dart slug (D:1)
  A ball python (D:1)
  3 endoplasms (D:1)
  4 giant cockroaches
  3 goblins
  2 hobgoblins (D:1)
  A quokka (D:2)
  A bat (D:1)
  A frilled lizard (D:1)
  A kobold (D:2)
  3 rats
23 creatures vanquished.

Notes
Turn   | Place    | Note
-------+----------+-------------------------------------------
     0 | D:1      | arthad the Gargoyle Fighter began the quest for the Orb.
     0 | D:1      | Reached XP level 1. HP: 14/14 MP: 1/1
    50 | D:1      | Found a faded altar of an unknown god.
    97 | D:1      | Prayed at the altar of an unknown god.
    97 | D:1      | Became a worshipper of Vehumet
    97 | D:1      | Reached * piety under Vehumet
    97 | D:1      | Offered knowledge of Freeze by Vehumet.
   184 | D:1      | Reached XP level 2. HP: 19/19 MP: 2/2
   649 | D:2      | Reached XP level 3. HP: 23/23 MP: 3/3
   678 | D:2      | Found a hazy altar of Hepliaklqana.
   991 | D:2      | Noticed Natasha
   996 | D:2      | Slain by Natasha

Illustrated notes

Levels and vault maps discovered:
D:1:      dpeg_arrival_shrine, layout_basic, serial_glass, glass_columns_a,
          glass_columns_a, shapermc_ecumenical_altar_ellora, minivault_4
D:2:      layout_basic, basic_altar, uniq_natasha

Skill      XL: |  1 |
---------------+----+-----
Axes           | 2 |  2.3
Fighting       | |  3.7
Armour         | |  3.4
Dodging        | |  0.4
Shields        | |  3.4
Spellcasting   | |  0.6

Action                   || total
-------------------------++-------
Melee: War axe           ||    74
       Unarmed           ||     1
  Use: Potion            ||     1
Armor: Scale mail        ||    45
Dodge: Dodged            ||    32
Block: Buckler           ||    12
